Devils vs Ducks

Created - 26 février 2021 at 20:39

Goals
1 2 3 T
Devils 2 1 0 3
Ducks 1 3 1 5
Shots
1 2 3 T
Devils 14 12 8 34
Ducks 9 18 19 46

1st period

1. Ducks , Brett Connolly 2 (Derek Forbort 11) at 1:43
2. Devils , Ryan Suter 11 (Bryan Little 1, Mathieu Joseph 2) at 8:58
3. Devils , Justin Schultz 4 (Chris Kreider 9, T.J. Oshie 25) at 19:49 (PP)

Penalties :
Calvin de Haan (ANA) for Interference (Minor) at 13:16, Jacob de La Rose (ANA) for Hooking (Minor) at 18:40

2nd period

4. Ducks , Luke Kunin 14 (Anders Lee 24, Derek Stepan 28) at 3:58 (PP)
5. Devils , Nicklas Backstrom 16 (Chris Kreider 10, T.J. Oshie 26) at 4:10
6. Ducks , Brandon Sutter 14 (Josh Manson 15, Calvin de Haan 22) at 4:26
7. Ducks , Luke Schenn 4 (Jacob de La Rose 13, Tucker Poolman 5) at 17:02

Penalties :
Calvin de Haan (ANA) for Holding (Minor) at 0:18, Niklas Hjalmarsson (NJD) for Boarding (Minor) at 3:06, Chris Kreider (NJD) for Roughing (Minor) at 9:30, Jacob de La Rose (ANA) for Tripping (Minor) at 14:36, Jordie Benn (NJD) for Hooking (Minor) at 14:36

3rd period

8. Ducks , Tyler Ennis 12 (Calvin de Haan 23, Marcus Johansson 25) at 12:03 (PP)

Penalties :
Mikhail Sergachev (NJD) for Holding Stick (Minor) at 5:19, Travis Konecny (NJD) for Hooking (Minor) at 10:19

Goalie Stats

Mike Smith (NJD), 41 saves from 46 shots - (0,891), L, 10-11-1, 60:00 minutes
Antti Raanta (ANA), 31 saves from 34 shots - (0,912), W, 19-18-3, 60:00 minutes

Players Stats for Devils

Player Name              G  A  P  +/- PIM S  H  SB GA TA FO     MP     PP MP  PK MP  
------------------------------------------------------------------------------------
Brian Boyle              0  0  0   0  0   1  2  0  0  0  6/14    9:20   0:00   4:46 
Bryan Little             0  1  1   0  0   0  1  0  0  0  1/1     6:04   0:00   1:30 
Chris Kreider            0  2  2   1  2   1  6  0  0  0  0/0    18:27   2:04   0:58 
Damon Severson           0  0  0  -1  0   5  8  1  0  0  0/0    23:31   2:39   2:53 
Evgeni Malkin            0  0  0  -1  0   3  5  0  0  0  14/22  17:37   2:04   0:18 
Jordie Benn              0  0  0   0  2   0  5  1  0  0  0/0    19:56   0:00   3:45 
Justin Schultz           1  0  1  -1  0   2  3  4  0  0  0/0    24:19   2:39   3:41 
Mathieu Joseph           0  1  1   0  0   1  1  0  0  0  0/0     4:34   0:00   0:00 
Mike Hoffman             0  0  0  -1  0   3  1  0  0  0  1/5    17:42   3:03   0:21 
Mikhail Sergachev        0  0  0   0  2   0  4  1  0  0  0/0    16:35   2:28   0:00 
Nicklas Backstrom        1  0  1   1  0   3  0  0  0  0  10/19  18:00   3:03   0:00 
Niklas Hjalmarsson       0  0  0  -1  2   1  0  3  0  0  0/0    16:09   0:00   2:49 
Ryan Suter               1  0  1   1  0   2  0  5  0  0  0/0    19:27   2:28   0:00 
Sam Reinhart             0  0  0  -1  0   3  0  0  0  0  0/1    14:01   0:00   0:00 
T.J. Oshie               0  2  2   1  0   4  1  0  0  0  0/2    16:16   2:04   0:00 
Travis Konecny           0  0  0  -1  2   2  2  0  0  0  0/5    17:03   3:03   0:00 
Tyler Bozak              0  0  0  -1  0   3  0  0  0  0  8/19   15:03   0:00   1:30 
Zack Smith               0  0  0  -1  0   0  1  2  0  0  1/1    17:18   0:00   3:45 

Players Stats for Ducks

Player Name              G  A  P  +/- PIM S  H  SB GA TA FO     MP     PP MP  PK MP  
------------------------------------------------------------------------------------
Anders Lee               0  1  1   0  0   4  0  1  0  0  1/2    24:33   3:43   3:08 
Artem Anisimov           0  0  0   1  0   1  0  0  0  0  0/1    15:58   2:51   0:00 
Brandon Sutter           1  0  1   1  0   2  1  1  0  0  0/0     7:14   0:14   0:00 
Brett Connolly           1  0  1   2  0   6  0  0  0  0  0/1     7:54   0:00   0:22 
Calvin de Haan           0  2  2   0  4   5  3  2  0  0  0/0    23:41   3:37   0:57 
Derek Forbort            0  1  1   0  0   4  1  1  0  0  0/0    20:50   2:57   2:11 
Derek Stepan             0  1  1   0  0   3  0  2  0  0  18/27  24:33   3:43   3:08 
Jack Roslovic            0  0  0   2  0   3  1  1  0  0  0/0     7:32   0:00   0:00 
Jacob de La Rose         0  1  1   2  4   1  1  1  0  0  2/10    8:50   0:00   0:22 
Josh Manson              0  1  1   0  0   2  3  1  0  0  0/0    25:36   3:37   2:50 
Kyle Turris              0  0  0  -2  0   1  0  0  0  0  10/15  11:16   0:00   1:37 
Luke Kunin               1  0  1   0  0   2  1  0  0  0  0/2    20:30   3:43   0:00 
Luke Schenn              1  0  1   1  0   1  4  0  0  0  0/0    13:44   0:00   0:16 
Marcus Johansson         0  1  1   1  0   3  1  0  0  0  17/31  18:20   2:51   1:37 
Michael Raffl            0  0  0  -2  0   2  0  1  0  0  0/0     9:29   0:16   0:00 
T.J. Brodie              0  0  0   0  0   2  2  0  0  0  0/0    20:40   2:57   2:01 
Tucker Poolman           0  1  1   1  0   0  0  0  0  0  0/0    15:27   0:00   1:59 
Tyler Ennis              1  0  1  -2  0   4  1  0  0  0  0/0    16:43   2:21   0:00 

3 Stars

1 - Luke Schenn (ANA)
2 - Brett Connolly (ANA)
3 - Brandon Sutter (ANA)

Power Play

Devils - 1 on 3 Attempt(s) - 33,33%
Ducks - 2 on 4 Attempt(s) - 50,00%

Penalty Kill

Devils - 2 on 4 Attempt(s) - 50,00% - Score 0 goal in Penalty Kill
Ducks - 2 on 3 Attempt(s) - 66,67% - Score 0 goal in Penalty Kill

Team Stat

Devils - Hits : 40 - Faceoff Wins : 41 - Blocked Shots : 17 - Penalty Minutes : 10
Ducks - Hits : 19 - Faceoff Wins : 48 - Blocked Shots : 11 - Penalty Minutes : 8

Official

Referees : Andrew Howard and Chris Rooney
Linesman : Bryan Pancich and Kyle Allen

Game Notes

Brandon Sutter is injured at 8:56 of 2nd period (Left Hip)

Finance

Level 1 -- Attendance: 5725 (88,08%) -- Ticket Income 629 750 $
Level 2 -- Attendance: 5000 (100,00%) -- Ticket Income 375 000 $
Level 3 -- Attendance: 2600 (100,00%) -- Ticket Income 145 600 $
Level 4 -- Attendance: 2074 (100,00%) -- Ticket Income 82 960 $
Luxury Box -- Attendance: 892 (89,20%) -- Ticket Income 177 508 $
Game was played at the Honda Center.
Total Attendance: 16291 (94,86%)
Total Ticket Income: 1 410 818 $
Other Income: 691 301 $
Total Income: 2 102 119 $

% Time on Ice - Devils

Lines # - Real PCT - Wanted PCT - Time Play
Normal Forward
1 - 31% - 32% - 14:12
2 - 29% - 32% - 13:33
3 - 30% - 32% - 14:01
4 - 10% - 4% - 4:34
Normal Defense
1 - 35% - 36% - 16:12
2 - 37% - 36% - 17:14
3 - 28% - 28% - 12:54
4 - 0% - 0% - 0:00
PP Forward
1 - 40% - 60% - 2:04
2 - 60% - 40% - 3:03
PP Defense
1 - 48% - 60% - 2:28
2 - 52% - 40% - 2:39
PK Forward
1 - 77% - 60% - 5:04
2 - 23% - 40% - 1:30
PK Defense
1 - 56% - 60% - 3:41
2 - 44% - 40% - 2:53
PK3 Forward
1 - 0% - 60%
2 - 0% - 40%
PK3 Defense
1 - 0% - 60%
2 - 0% - 40%
44 Forward
1 - 62% - 60% - 1:14
2 - 38% - 40% - 0:45
44 Defense
1 - 62% - 60% - 1:14
2 - 38% - 40% - 0:45
Last Minute Offensive  - 0:00
Last Minute Defensive  - 0:00
Total
Forward - 60:00
Defense - 60:00

% Time on Ice - Ducks

Lines # - Real PCT - Wanted PCT - Time Play
Normal Forward
1 - 36% - 40% - 16:47
2 - 28% - 30% - 13:07
3 - 19% - 20% - 8:54
4 - 16% - 10% - 7:32
Normal Defense
1 - 34% - 40% - 15:53
2 - 32% - 30% - 14:57
3 - 29% - 20% - 13:28
4 - 4% - 10% - 2:02
PP Forward
1 - 57% - 60% - 3:43
2 - 43% - 40% - 2:51
PP Defense
1 - 55% - 60% - 3:37
2 - 45% - 40% - 2:57
PK Forward
1 - 68% - 60% - 3:30
2 - 32% - 40% - 1:37
PK Defense
1 - 61% - 60% - 3:06
2 - 39% - 40% - 2:01
PK3 Forward
1 - 0% - 60%
2 - 0% - 40%
PK3 Defense
1 - 0% - 60%
2 - 0% - 40%
44 Forward
1 - 62% - 60% - 1:14
2 - 38% - 40% - 0:45
44 Defense
1 - 62% - 60% - 1:14
2 - 38% - 40% - 0:45
Last Minute Offensive  - 0:00
Last Minute Defensive  - 0:00
Total
Forward - 60:00
Defense - 60:00

Play-by-Play

1st period


0:01 of 1st period - Nicklas Backstrom wins face-off versus Derek Stepan in neutral zone.
0:08 of 1st period - Shot by T.J. Oshie.
0:08 of 1st period - Stopped by Antti Raanta without a rebound.
0:09 of 1st period - Tyler Bozak wins face-off versus Marcus Johansson in Ducks zone.
0:30 of 1st period - Shot by Mike Hoffman.
0:30 of 1st period - Shot Hit the Post.
0:32 of 1st period - Shot by Mike Hoffman.
0:32 of 1st period - Stopped by Antti Raanta without a rebound.
0:33 of 1st period - Evgeni Malkin wins face-off versus Kyle Turris in Ducks zone.
0:56 of 1st period - Michael Raffl is hit by Evgeni Malkin and loses puck.
1:02 of 1st period - Travis Konecny is hit by Luke Schenn and loses puck.
1:15 of 1st period - Off-side.
1:16 of 1st period - Nicklas Backstrom wins face-off versus Anders Lee in neutral zone.
1:27 of 1st period - Shot by Nicklas Backstrom.
1:27 of 1st period - Stopped by Antti Raanta without a rebound.
1:28 of 1st period - Tyler Bozak wins face-off versus Brett Connolly in Ducks zone.
1:41 of 1st period - Shot by Brett Connolly.
1:41 of 1st period - Stopped by Mike Smith with a rebound.
1:43 of 1st period - Shot by Brett Connolly.
1:43 of 1st period - Goal by Brett Connolly - Devils : 0 - Ducks : 1.
1:44 of 1st period - Nicklas Backstrom wins face-off versus Luke Kunin in neutral zone.
2:48 of 1st period - Derek Forbort is hit by Mike Hoffman and loses puck.
3:14 of 1st period - Brandon Sutter is hit by Damon Severson and loses puck.
3:20 of 1st period - Icing by Damon Severson.
3:21 of 1st period - Tyler Bozak wins face-off versus Jacob de La Rose in Devils zone.
3:30 of 1st period - Shot by Brett Connolly.
3:30 of 1st period - Deflect By Jack Roslovic.
3:30 of 1st period - Stopped by Mike Smith without a rebound.
3:31 of 1st period - Kyle Turris wins face-off versus Evgeni Malkin in Devils zone.
3:38 of 1st period - Shot by Sam Reinhart.
3:38 of 1st period - Shot Misses the Net.
3:48 of 1st period - Niklas Hjalmarsson is hit by Tyler Ennis and loses puck.
4:04 of 1st period - Icing by Travis Konecny.
4:05 of 1st period - Derek Stepan wins face-off versus Travis Konecny in Devils zone.
4:06 of 1st period - Shot by Anders Lee.
4:06 of 1st period - Stopped by Mike Smith with a rebound.
4:16 of 1st period - Shot by Anders Lee.
4:16 of 1st period - Stopped by Mike Smith with a rebound.
4:18 of 1st period - Shot by Derek Stepan.
4:18 of 1st period - Shot Misses the Net.
4:36 of 1st period - Shot by Anders Lee.
4:36 of 1st period - Deflect By Derek Stepan.
4:36 of 1st period - Shot Misses the Net.
4:42 of 1st period - Josh Manson is hit by Chris Kreider and loses puck.
5:10 of 1st period - Chris Kreider is hit by Calvin de Haan.
5:26 of 1st period - Shot by Mathieu Joseph.
5:26 of 1st period - Shot Blocked by Calvin de Haan.
5:28 of 1st period - Shot by Damon Severson.
5:28 of 1st period - Shot Misses the Net.
5:43 of 1st period - Mathieu Joseph is hit by Josh Manson and loses puck.
6:06 of 1st period - Shot by Mike Hoffman.
6:06 of 1st period - Stopped by Antti Raanta without a rebound.
6:07 of 1st period - Marcus Johansson wins face-off versus Tyler Bozak in Ducks zone.
6:39 of 1st period - Shot by Marcus Johansson.
6:39 of 1st period - Deflect By Artem Anisimov.
6:39 of 1st period - Shot Blocked by Niklas Hjalmarsson.
6:45 of 1st period - Niklas Hjalmarsson is hit by Brandon Sutter and loses puck.
8:35 of 1st period - Icing by T.J. Brodie.
8:36 of 1st period - Kyle Turris wins face-off versus Brian Boyle in Ducks zone.
8:36 of 1st period - Tyler Ennis is hit by Brian Boyle and loses puck.
8:52 of 1st period - Shot by Brian Boyle.
8:52 of 1st period - Deflect By Mathieu Joseph.
8:52 of 1st period - Stopped by Antti Raanta with a rebound.
8:54 of 1st period - Shot by Mathieu Joseph.
8:54 of 1st period - Shot Misses the Net.
8:56 of 1st period - Shot by Bryan Little.
8:56 of 1st period - Shot Misses the Net.
8:58 of 1st period - Shot by Ryan Suter.
8:58 of 1st period - Goal by Ryan Suter - Devils : 1 - Ducks : 1.
8:59 of 1st period - Evgeni Malkin wins face-off versus Marcus Johansson in neutral zone.
9:58 of 1st period - Shot by Nicklas Backstrom.
9:58 of 1st period - Stopped by Antti Raanta without a rebound.
9:59 of 1st period - Zack Smith wins face-off versus Jacob de La Rose in Ducks zone.
11:23 of 1st period - T.J. Brodie is hit by T.J. Oshie and loses puck.
11:43 of 1st period - Shot by Michael Raffl.
11:43 of 1st period - Shot Misses the Net.
11:45 of 1st period - Shot by Michael Raffl.
11:45 of 1st period - Stopped by Mike Smith without a rebound.
11:46 of 1st period - Evgeni Malkin wins face-off versus Marcus Johansson in Devils zone.
12:07 of 1st period - Shot by Sam Reinhart.
12:07 of 1st period - Stopped by Antti Raanta without a rebound.
12:08 of 1st period - Kyle Turris wins face-off versus Brian Boyle in Ducks zone.
12:13 of 1st period - Kyle Turris is hit by Brian Boyle and loses puck.
12:19 of 1st period - Bryan Little is hit by Josh Manson and loses puck.
12:31 of 1st period - Brian Boyle is hit by Josh Manson and loses puck.
12:36 of 1st period - Shot by Damon Severson.
12:36 of 1st period - Stopped by Antti Raanta with a rebound.
13:16 of 1st period - Minor Penalty to Calvin de Haan for Interference.
13:17 of 1st period - Derek Stepan wins face-off versus Travis Konecny in Ducks zone.
13:25 of 1st period - Icing by Nicklas Backstrom.
13:26 of 1st period - Nicklas Backstrom wins face-off versus Derek Stepan in Devils zone.
13:33 of 1st period - Shot by Nicklas Backstrom.
13:33 of 1st period - Shot Misses the Net.
13:35 of 1st period - Shot by Ryan Suter.
13:35 of 1st period - Shot Misses the Net.
15:05 of 1st period - Shot by Ryan Suter.
15:05 of 1st period - Stopped by Antti Raanta without a rebound.
15:06 of 1st period - Derek Stepan wins face-off versus Nicklas Backstrom in Ducks zone.
15:32 of 1st period - Mathieu Joseph is hit by Luke Schenn and loses puck.
16:23 of 1st period - Artem Anisimov is hit by Damon Severson and loses puck.
16:57 of 1st period - Shot by Michael Raffl.
16:57 of 1st period - Stopped by Mike Smith with a rebound.
17:12 of 1st period - Icing by Tyler Ennis.
17:13 of 1st period - Nicklas Backstrom wins face-off versus Kyle Turris in Ducks zone.
17:14 of 1st period - Shot by T.J. Oshie.
17:14 of 1st period - Deflect By Nicklas Backstrom.
17:14 of 1st period - Shot Blocked by Calvin de Haan.
17:20 of 1st period - Shot by Tyler Ennis.
17:20 of 1st period - Stopped by Mike Smith without a rebound.
17:21 of 1st period - Derek Stepan wins face-off versus Nicklas Backstrom in Devils zone.
17:22 of 1st period - Shot by Anders Lee.
17:22 of 1st period - Shot Misses the Net.
17:24 of 1st period - Shot by Luke Kunin.
17:24 of 1st period - Stopped by Mike Smith without a rebound.
17:25 of 1st period - Evgeni Malkin wins face-off versus Derek Stepan in Devils zone.
17:53 of 1st period - Shot by Anders Lee.
17:53 of 1st period - Shot Blocked by Ryan Suter.
18:40 of 1st period - Minor Penalty to Jacob de La Rose for Hooking.
18:41 of 1st period - Marcus Johansson wins face-off versus Mike Hoffman in Ducks zone.
19:27 of 1st period - Shot by T.J. Oshie.
19:27 of 1st period - Shot Misses the Net.
19:31 of 1st period - Shot by Damon Severson.
19:31 of 1st period - Stopped by Antti Raanta with a rebound.
19:35 of 1st period - Shot by Evgeni Malkin.
19:35 of 1st period - Shot Blocked by Derek Stepan.
19:37 of 1st period - Shot by Damon Severson.
19:37 of 1st period - Stopped by Antti Raanta without a rebound.
19:38 of 1st period - Evgeni Malkin wins face-off versus Marcus Johansson in Ducks zone.
19:47 of 1st period - Shot by Chris Kreider.
19:47 of 1st period - Stopped by Antti Raanta with a rebound.
19:49 of 1st period - Shot by Justin Schultz.
19:49 of 1st period - Goal by Justin Schultz - Devils : 2 - Ducks : 1.
19:50 of 1st period - Brian Boyle wins face-off versus Jacob de La Rose in neutral zone.
19:53 of 1st period - Shot by Mikhail Sergachev.
19:53 of 1st period - Shot Misses the Net.
Goals for this period are 2 for Devils vs 1 for Ducks.
Shots for this period are 14 for Devils vs 9 for Ducks.

2nd period


0:01 of 2nd period - Derek Stepan wins face-off versus Nicklas Backstrom in neutral zone.
0:06 of 2nd period - Shot by Luke Kunin.
0:06 of 2nd period - Shot Misses the Net.
0:18 of 2nd period - Shot by T.J. Oshie.
0:18 of 2nd period - Stopped by Antti Raanta without a rebound.
0:18 of 2nd period - Minor Penalty to Calvin de Haan for Holding.
0:19 of 2nd period - Derek Stepan wins face-off versus Mike Hoffman in Ducks zone.
0:32 of 2nd period - Shot by Damon Severson.
0:32 of 2nd period - Shot Blocked by Josh Manson.
0:40 of 2nd period - Shot by Justin Schultz.
0:40 of 2nd period - Shot Blocked by Anders Lee.
1:15 of 2nd period - Icing by Evgeni Malkin.
1:16 of 2nd period - Derek Stepan wins face-off versus Evgeni Malkin in Devils zone.
1:16 of 2nd period - Josh Manson is hit by Mikhail Sergachev and loses puck.
1:39 of 2nd period - Shot by Ryan Suter.
1:39 of 2nd period - Deflect By Evgeni Malkin.
1:39 of 2nd period - Stopped by Antti Raanta without a rebound.
1:40 of 2nd period - Nicklas Backstrom wins face-off versus Marcus Johansson in Ducks zone.
2:38 of 2nd period - Brandon Sutter is hit by Mathieu Joseph.
2:52 of 2nd period - Icing by T.J. Brodie.
2:53 of 2nd period - Marcus Johansson wins face-off versus Travis Konecny in Ducks zone.
2:53 of 2nd period - Marcus Johansson is hit by Evgeni Malkin.
3:06 of 2nd period - Minor Penalty to Niklas Hjalmarsson for Boarding.
3:07 of 2nd period - Derek Stepan wins face-off versus Brian Boyle in Devils zone.
3:18 of 2nd period - Shot by Josh Manson.
3:18 of 2nd period - Shot Blocked by Zack Smith.
3:20 of 2nd period - Shot by Calvin de Haan.
3:20 of 2nd period - Shot Blocked by Justin Schultz.
3:22 of 2nd period - Shot by Luke Kunin.
3:22 of 2nd period - Deflect By Anders Lee.
3:22 of 2nd period - Stopped by Mike Smith without a rebound.
3:23 of 2nd period - Marcus Johansson wins face-off versus Brian Boyle in Devils zone.
3:34 of 2nd period - Shot by Josh Manson.
3:34 of 2nd period - Stopped by Mike Smith with a rebound.
3:36 of 2nd period - Shot by Calvin de Haan.
3:36 of 2nd period - Stopped by Mike Smith without a rebound.
3:37 of 2nd period - Brian Boyle wins face-off versus Derek Stepan in Devils zone.
3:56 of 2nd period - Shot by Luke Kunin.
3:56 of 2nd period - Deflect By Anders Lee.
3:56 of 2nd period - Shot Misses the Net.
3:58 of 2nd period - Shot by Luke Kunin.
3:58 of 2nd period - Goal by Luke Kunin - Devils : 2 - Ducks : 2.
3:59 of 2nd period - Nicklas Backstrom wins face-off versus Kyle Turris in neutral zone.
4:04 of 2nd period - Shot by T.J. Oshie.
4:04 of 2nd period - Stopped by Antti Raanta with a rebound.
4:06 of 2nd period - Shot by Chris Kreider.
4:06 of 2nd period - Shot Misses the Net.
4:10 of 2nd period - Shot by Nicklas Backstrom.
4:10 of 2nd period - Goal by Nicklas Backstrom - Devils : 3 - Ducks : 2.
4:11 of 2nd period - Marcus Johansson wins face-off versus Sam Reinhart in neutral zone.
4:16 of 2nd period - Shot by Brandon Sutter.
4:16 of 2nd period - Shot Blocked by Niklas Hjalmarsson.
4:18 of 2nd period - Shot by Brandon Sutter.
4:18 of 2nd period - Stopped by Mike Smith with a rebound.
4:26 of 2nd period - Shot by Brandon Sutter.
4:26 of 2nd period - Goal by Brandon Sutter - Devils : 3 - Ducks : 3.
4:27 of 2nd period - Derek Stepan wins face-off versus Nicklas Backstrom in neutral zone.
5:04 of 2nd period - Shot by T.J. Oshie.
5:04 of 2nd period - Stopped by Antti Raanta without a rebound.
5:05 of 2nd period - Tyler Bozak wins face-off versus Marcus Johansson in Ducks zone.
5:21 of 2nd period - Tyler Bozak is hit by Calvin de Haan.
5:39 of 2nd period - Shot by Tyler Bozak.
5:39 of 2nd period - Shot Misses the Net.
5:52 of 2nd period - Icing by Josh Manson.
5:53 of 2nd period - Marcus Johansson wins face-off versus Evgeni Malkin in Ducks zone.
5:53 of 2nd period - Marcus Johansson is hit by Evgeni Malkin.
6:13 of 2nd period - Derek Stepan is hit by Evgeni Malkin and loses puck.
6:20 of 2nd period - Shot by Travis Konecny.
6:20 of 2nd period - Stopped by Antti Raanta with a rebound.
6:22 of 2nd period - Shot by Damon Severson.
6:22 of 2nd period - Shot Blocked by Derek Forbort.
6:24 of 2nd period - Shot by Damon Severson.
6:24 of 2nd period - Stopped by Antti Raanta with a rebound.
6:26 of 2nd period - Shot by Damon Severson.
6:26 of 2nd period - Shot Blocked by Derek Stepan.
6:34 of 2nd period - Shot by Damon Severson.
6:34 of 2nd period - Stopped by Antti Raanta without a rebound.
6:35 of 2nd period - Kyle Turris wins face-off versus T.J. Oshie in Ducks zone.
6:35 of 2nd period - Kyle Turris is hit by Chris Kreider.
6:38 of 2nd period - Icing by Tyler Ennis.
6:39 of 2nd period - Kyle Turris wins face-off versus Nicklas Backstrom in Ducks zone.
6:47 of 2nd period - Kyle Turris is hit by Mikhail Sergachev and loses puck.
7:00 of 2nd period - Shot by Tyler Ennis.
7:00 of 2nd period - Deflect By Kyle Turris.
7:00 of 2nd period - Shot Misses the Net.
7:05 of 2nd period - Kyle Turris is hit by Mikhail Sergachev and loses puck.
7:13 of 2nd period - Tyler Ennis is hit by Mikhail Sergachev and loses puck.
7:16 of 2nd period - Shot by Kyle Turris.
7:16 of 2nd period - Stopped by Mike Smith without a rebound.
7:17 of 2nd period - Derek Stepan wins face-off versus Tyler Bozak in Devils zone.
8:40 of 2nd period - Icing by Jordie Benn.
8:41 of 2nd period - Marcus Johansson wins face-off versus Evgeni Malkin in Devils zone.
8:42 of 2nd period - Shot by T.J. Brodie.
8:42 of 2nd period - Stopped by Mike Smith without a rebound.
8:43 of 2nd period - Nicklas Backstrom wins face-off versus Marcus Johansson in Devils zone.
8:47 of 2nd period - Mikhail Sergachev is hit by Derek Forbort and loses puck.
8:56 of 2nd period - Shot by T.J. Oshie.
8:56 of 2nd period - Shot Blocked by Brandon Sutter.
8:56 of 2nd period - Brandon Sutter from Ducks is injured at 8:56 of 2nd period (Left Hip).
8:57 of 2nd period - Kyle Turris wins face-off versus Tyler Bozak in Ducks zone.
9:25 of 2nd period - Shot by Tyler Bozak.
9:25 of 2nd period - Stopped by Antti Raanta without a rebound.
9:26 of 2nd period - Marcus Johansson wins face-off versus Nicklas Backstrom in Ducks zone.
9:26 of 2nd period - Marcus Johansson is hit by Chris Kreider.
9:29 of 2nd period - T.J. Brodie is hit by Chris Kreider and loses puck.
9:30 of 2nd period - Minor Penalty to Chris Kreider for Roughing.
9:31 of 2nd period - Brian Boyle wins face-off versus Marcus Johansson in Devils zone.
9:31 of 2nd period - Brian Boyle is hit by Marcus Johansson.
10:00 of 2nd period - Artem Anisimov is hit by Bryan Little and loses puck.
10:20 of 2nd period - Anders Lee is hit by Damon Severson and loses puck.
10:46 of 2nd period - Shot by Derek Stepan.
10:46 of 2nd period - Stopped by Mike Smith without a rebound.
10:47 of 2nd period - Marcus Johansson wins face-off versus Tyler Bozak in Devils zone.
10:56 of 2nd period - Shot by Michael Raffl.
10:56 of 2nd period - Deflect By Marcus Johansson.
10:56 of 2nd period - Stopped by Mike Smith with a rebound.
10:58 of 2nd period - Shot by Derek Forbort.
10:58 of 2nd period - Shot Misses the Net.
11:00 of 2nd period - Shot by T.J. Brodie.
11:00 of 2nd period - Shot Misses the Net.
11:02 of 2nd period - Shot by Derek Forbort.
11:02 of 2nd period - Stopped by Mike Smith without a rebound.
11:03 of 2nd period - Derek Stepan wins face-off versus Mike Hoffman in Devils zone.
11:17 of 2nd period - Shot by Mike Hoffman.
11:17 of 2nd period - Shot Misses the Net.
11:43 of 2nd period - Shot by Brett Connolly.
11:43 of 2nd period - Stopped by Mike Smith without a rebound.
11:44 of 2nd period - Nicklas Backstrom wins face-off versus Kyle Turris in Devils zone.
11:57 of 2nd period - Shot by Nicklas Backstrom.
11:57 of 2nd period - Shot Misses the Net.
12:14 of 2nd period - Chris Kreider is hit by T.J. Brodie and loses puck.
12:30 of 2nd period - Off-side.
12:31 of 2nd period - Tyler Bozak wins face-off versus Derek Stepan in neutral zone.
12:41 of 2nd period - Shot by Mike Hoffman.
12:41 of 2nd period - Deflect By Tyler Bozak.
12:41 of 2nd period - Stopped by Antti Raanta without a rebound.
12:42 of 2nd period - Evgeni Malkin wins face-off versus Marcus Johansson in Ducks zone.
12:42 of 2nd period - Ryan Suter is hit by Calvin de Haan and loses puck.
12:53 of 2nd period - Shot by Artem Anisimov.
12:53 of 2nd period - Stopped by Mike Smith without a rebound.
12:54 of 2nd period - Derek Stepan wins face-off versus Tyler Bozak in Devils zone.
13:25 of 2nd period - Shot by Derek Stepan.
13:25 of 2nd period - Stopped by Mike Smith with a rebound.
13:59 of 2nd period - Shot by Evgeni Malkin.
13:59 of 2nd period - Shot Misses the Net.
14:01 of 2nd period - Shot by Sam Reinhart.
14:01 of 2nd period - Stopped by Antti Raanta without a rebound.
14:02 of 2nd period - Nicklas Backstrom wins face-off versus Marcus Johansson in Ducks zone.
14:18 of 2nd period - Icing by Josh Manson.
14:19 of 2nd period - Marcus Johansson wins face-off versus Evgeni Malkin in Ducks zone.
14:29 of 2nd period - Icing by Ryan Suter.
14:30 of 2nd period - Jacob de La Rose wins face-off versus Travis Konecny in Devils zone.
14:36 of 2nd period - Minor Penalty to Jacob de La Rose for Tripping.
14:36 of 2nd period - Minor Penalty to Jordie Benn for Hooking.
14:37 of 2nd period - Evgeni Malkin wins face-off versus Derek Stepan in Devils zone.
15:55 of 2nd period - Nicklas Backstrom is hit by T.J. Brodie and loses puck.
16:26 of 2nd period - Shot by Chris Kreider.
16:26 of 2nd period - Shot Misses the Net.
16:37 of 2nd period - Evgeni Malkin is hit by Luke Schenn and loses puck.
16:58 of 2nd period - Shot by Jacob de La Rose.
16:58 of 2nd period - Stopped by Mike Smith with a rebound.
17:00 of 2nd period - Shot by Jacob de La Rose.
17:00 of 2nd period - Shot Blocked by Jordie Benn.
17:02 of 2nd period - Shot by Luke Schenn.
17:02 of 2nd period - Goal by Luke Schenn - Devils : 3 - Ducks : 4.
17:03 of 2nd period - Tyler Bozak wins face-off versus Marcus Johansson in neutral zone.
18:07 of 2nd period - Shot by Derek Stepan.
18:07 of 2nd period - Stopped by Mike Smith without a rebound.
18:08 of 2nd period - Evgeni Malkin wins face-off versus Jacob de La Rose in Devils zone.
18:08 of 2nd period - Evgeni Malkin is hit by Jack Roslovic.
18:27 of 2nd period - Shot by Brett Connolly.
18:27 of 2nd period - Stopped by Mike Smith without a rebound.
18:28 of 2nd period - Kyle Turris wins face-off versus T.J. Oshie in Devils zone.
18:43 of 2nd period - Shot by Tyler Ennis.
18:43 of 2nd period - Shot Misses the Net.
19:06 of 2nd period - Shot by Nicklas Backstrom.
19:06 of 2nd period - Shot Misses the Net.
19:18 of 2nd period - Shot by Evgeni Malkin.
19:18 of 2nd period - Stopped by Antti Raanta without a rebound.
19:19 of 2nd period - Evgeni Malkin wins face-off versus Luke Kunin in Ducks zone.
19:54 of 2nd period - Anders Lee is hit by Jordie Benn and loses puck.
Goals for this period are 1 for Devils vs 3 for Ducks.
Shots for this period are 12 for Devils vs 18 for Ducks.

3rd period


0:01 of 3rd period - Derek Stepan wins face-off versus Nicklas Backstrom in neutral zone.
0:04 of 3rd period - Damon Severson is hit by Luke Kunin and loses puck.
1:06 of 3rd period - Shot by Sam Reinhart.
1:06 of 3rd period - Stopped by Antti Raanta without a rebound.
1:07 of 3rd period - Marcus Johansson wins face-off versus Tyler Bozak in Ducks zone.
1:37 of 3rd period - Shot by Mike Hoffman.
1:37 of 3rd period - Stopped by Antti Raanta without a rebound.
1:38 of 3rd period - Evgeni Malkin wins face-off versus Jacob de La Rose in Ducks zone.
1:43 of 3rd period - Shot by Travis Konecny.
1:43 of 3rd period - Shot Misses the Net.
1:51 of 3rd period - Shot by Jacob de La Rose.
1:51 of 3rd period - Shot Blocked by Ryan Suter.
1:53 of 3rd period - Shot by Jacob de La Rose.
1:53 of 3rd period - Shot Misses the Net.
2:08 of 3rd period - Shot by Jack Roslovic.
2:08 of 3rd period - Stopped by Mike Smith without a rebound.
2:09 of 3rd period - Marcus Johansson wins face-off versus Nicklas Backstrom in Devils zone.
2:09 of 3rd period - Marcus Johansson is hit by Damon Severson.
2:13 of 3rd period - Shot by Marcus Johansson.
2:13 of 3rd period - Shot Misses the Net.
2:15 of 3rd period - Shot by Calvin de Haan.
2:15 of 3rd period - Shot Misses the Net.
2:38 of 3rd period - Shot by Tyler Ennis.
2:38 of 3rd period - Shot Misses the Net.
2:40 of 3rd period - Shot by Tyler Ennis.
2:40 of 3rd period - Shot Blocked by Justin Schultz.
2:42 of 3rd period - Shot by Artem Anisimov.
2:42 of 3rd period - Shot Blocked by Justin Schultz.
3:04 of 3rd period - Derek Forbort is hit by Chris Kreider and loses puck.
3:14 of 3rd period - Luke Kunin is hit by Damon Severson and loses puck.
3:17 of 3rd period - Shot by T.J. Brodie.
3:17 of 3rd period - Stopped by Mike Smith with a rebound.
3:19 of 3rd period - Shot by T.J. Brodie.
3:19 of 3rd period - Shot Misses the Net.
3:28 of 3rd period - Derek Stepan is hit by Damon Severson and loses puck.
3:58 of 3rd period - Jacob de La Rose is hit by Damon Severson and loses puck.
4:03 of 3rd period - Shot by Brett Connolly.
4:03 of 3rd period - Stopped by Mike Smith without a rebound.
4:04 of 3rd period - Kyle Turris wins face-off versus Tyler Bozak in Devils zone.
4:04 of 3rd period - Kyle Turris is hit by Jordie Benn.
4:22 of 3rd period - Shot by Tyler Bozak.
4:22 of 3rd period - Stopped by Antti Raanta with a rebound.
4:24 of 3rd period - Shot by Zack Smith.
4:24 of 3rd period - Shot Blocked by Michael Raffl.
4:31 of 3rd period - Off-side.
4:32 of 3rd period - Marcus Johansson wins face-off versus Travis Konecny in neutral zone.
4:51 of 3rd period - Shot by Evgeni Malkin.
4:51 of 3rd period - Stopped by Antti Raanta without a rebound.
4:52 of 3rd period - Brian Boyle wins face-off versus Derek Stepan in Ducks zone.
5:03 of 3rd period - Icing by Jordie Benn.
5:04 of 3rd period - Bryan Little wins face-off versus Marcus Johansson in Devils zone.
5:12 of 3rd period - Shot by Tyler Ennis.
5:12 of 3rd period - Stopped by Mike Smith without a rebound.
5:13 of 3rd period - Derek Stepan wins face-off versus Tyler Bozak in Devils zone.
5:19 of 3rd period - Minor Penalty to Mikhail Sergachev for Holding Stick.
5:20 of 3rd period - Derek Stepan wins face-off versus Brian Boyle in Devils zone.
5:22 of 3rd period - Luke Kunin is hit by Damon Severson and loses puck.
5:27 of 3rd period - Shot by Josh Manson.
5:27 of 3rd period - Shot Blocked by Damon Severson.
5:37 of 3rd period - Shot by Luke Kunin.
5:37 of 3rd period - Shot Misses the Net.
5:47 of 3rd period - Shot by Anders Lee.
5:47 of 3rd period - Stopped by Mike Smith without a rebound.
5:48 of 3rd period - Brian Boyle wins face-off versus Artem Anisimov in Devils zone.
5:56 of 3rd period - Icing by T.J. Brodie.
5:57 of 3rd period - Marcus Johansson wins face-off versus Brian Boyle in Ducks zone.
6:04 of 3rd period - Shot by Marcus Johansson.
6:04 of 3rd period - Stopped by Mike Smith with a rebound.
6:06 of 3rd period - Shot by Derek Forbort.
6:06 of 3rd period - Stopped by Mike Smith without a rebound.
6:07 of 3rd period - Derek Stepan wins face-off versus Brian Boyle in Devils zone.
6:10 of 3rd period - Shot by Josh Manson.
6:10 of 3rd period - Shot Blocked by Justin Schultz.
6:12 of 3rd period - Shot by Calvin de Haan.
6:12 of 3rd period - Shot Misses the Net.
6:14 of 3rd period - Shot by Luke Kunin.
6:14 of 3rd period - Shot Blocked by Zack Smith.
6:16 of 3rd period - Shot by Josh Manson.
6:16 of 3rd period - Stopped by Mike Smith with a rebound.
7:28 of 3rd period - Shot by Tucker Poolman.
7:28 of 3rd period - Shot Blocked by Ryan Suter.
7:31 of 3rd period - Icing by Jordie Benn.
7:32 of 3rd period - Kyle Turris wins face-off versus Evgeni Malkin in Devils zone.
8:20 of 3rd period - T.J. Oshie is hit by Jacob de La Rose and loses puck.
8:34 of 3rd period - Shot by Marcus Johansson.
8:34 of 3rd period - Stopped by Mike Smith without a rebound.
8:35 of 3rd period - Anders Lee wins face-off versus Tyler Bozak in Devils zone.
9:17 of 3rd period - Icing by Damon Severson.
9:18 of 3rd period - Tyler Bozak wins face-off versus Marcus Johansson in Devils zone.
9:20 of 3rd period - Icing by Damon Severson.
9:21 of 3rd period - Tyler Bozak wins face-off versus Marcus Johansson in Devils zone.
9:23 of 3rd period - Icing by Damon Severson.
9:24 of 3rd period - Marcus Johansson wins face-off versus Mike Hoffman in Devils zone.
9:38 of 3rd period - Off-side.
9:39 of 3rd period - Evgeni Malkin wins face-off versus Derek Stepan in neutral zone.
10:05 of 3rd period - Luke Kunin is hit by Jordie Benn and loses puck.
10:19 of 3rd period - Minor Penalty to Travis Konecny for Hooking.
10:20 of 3rd period - Marcus Johansson wins face-off versus Brian Boyle in Devils zone.
10:20 of 3rd period - Josh Manson is hit by Justin Schultz and loses puck.
10:27 of 3rd period - Shot by Marcus Johansson.
10:27 of 3rd period - Shot Misses the Net.
10:29 of 3rd period - Shot by Calvin de Haan.
10:29 of 3rd period - Shot Misses the Net.
10:41 of 3rd period - Shot by Tyler Ennis.
10:41 of 3rd period - Stopped by Mike Smith with a rebound.
10:43 of 3rd period - Shot by Calvin de Haan.
10:43 of 3rd period - Shot Misses the Net.
10:45 of 3rd period - Shot by Calvin de Haan.
10:45 of 3rd period - Stopped by Mike Smith with a rebound.
10:47 of 3rd period - Shot by Calvin de Haan.
10:47 of 3rd period - Stopped by Mike Smith with a rebound.
10:49 of 3rd period - Shot by Calvin de Haan.
10:49 of 3rd period - Stopped by Mike Smith without a rebound.
10:50 of 3rd period - Derek Stepan wins face-off versus Tyler Bozak in Devils zone.
12:01 of 3rd period - Shot by Calvin de Haan.
12:01 of 3rd period - Stopped by Mike Smith with a rebound.
12:03 of 3rd period - Shot by Tyler Ennis.
12:03 of 3rd period - Goal by Tyler Ennis - Devils : 3 - Ducks : 5.
12:04 of 3rd period - Jacob de La Rose wins face-off versus Evgeni Malkin in neutral zone.
12:04 of 3rd period - Jacob de La Rose is hit by Travis Konecny.
12:25 of 3rd period - Luke Schenn is hit by Evgeni Malkin.
12:38 of 3rd period - Jacob de La Rose is hit by Travis Konecny and loses puck.
14:05 of 3rd period - Derek Stepan is hit by Zack Smith and loses puck.
14:49 of 3rd period - T.J. Brodie is hit by Jordie Benn and loses puck.
15:09 of 3rd period - Icing by Luke Schenn.
15:10 of 3rd period - Brian Boyle wins face-off versus Jacob de La Rose in Ducks zone.
15:17 of 3rd period - Shot by Bryan Little.
15:17 of 3rd period - Shot Misses the Net.
15:19 of 3rd period - Shot by Brian Boyle.
15:19 of 3rd period - Shot Misses the Net.
15:21 of 3rd period - Shot by Bryan Little.
15:21 of 3rd period - Shot Blocked by Jack Roslovic.
15:23 of 3rd period - Shot by Niklas Hjalmarsson.
15:23 of 3rd period - Stopped by Antti Raanta without a rebound.
15:24 of 3rd period - Evgeni Malkin wins face-off versus Kyle Turris in Ducks zone.
15:43 of 3rd period - Shot by Travis Konecny.
15:43 of 3rd period - Stopped by Antti Raanta without a rebound.
15:44 of 3rd period - Mike Hoffman wins face-off versus Jacob de La Rose in Ducks zone.
15:58 of 3rd period - Shot by Jack Roslovic.
15:58 of 3rd period - Shot Blocked by Niklas Hjalmarsson.
16:00 of 3rd period - Shot by Jacob de La Rose.
16:00 of 3rd period - Shot Misses the Net.
16:02 of 3rd period - Shot by Jacob de La Rose.
16:02 of 3rd period - Shot Misses the Net.
16:08 of 3rd period - Shot by Jack Roslovic.
16:08 of 3rd period - Stopped by Mike Smith with a rebound.
16:10 of 3rd period - Shot by Brett Connolly.
16:10 of 3rd period - Stopped by Mike Smith without a rebound.
16:11 of 3rd period - Evgeni Malkin wins face-off versus Derek Stepan in Devils zone.
16:18 of 3rd period - Icing by Derek Stepan.
16:19 of 3rd period - Derek Stepan wins face-off versus Nicklas Backstrom in Ducks zone.
16:19 of 3rd period - Derek Stepan is hit by Chris Kreider.
16:33 of 3rd period - Shot by Luke Kunin.
16:33 of 3rd period - Shot Blocked by Ryan Suter.
16:37 of 3rd period - Shot by Anders Lee.
16:37 of 3rd period - Shot Misses the Net.
16:39 of 3rd period - Shot by Derek Forbort.
16:39 of 3rd period - Stopped by Mike Smith with a rebound.
16:41 of 3rd period - Shot by Derek Stepan.
16:41 of 3rd period - Shot Misses the Net.
16:43 of 3rd period - Shot by Luke Kunin.
16:43 of 3rd period - Shot Misses the Net.
16:45 of 3rd period - Shot by Derek Forbort.
16:45 of 3rd period - Shot Blocked by Ryan Suter.
16:47 of 3rd period - Shot by Derek Forbort.
16:47 of 3rd period - Stopped by Mike Smith without a rebound.
16:48 of 3rd period - Marcus Johansson wins face-off versus Tyler Bozak in Devils zone.
16:50 of 3rd period - Artem Anisimov is hit by Justin Schultz and loses puck.
17:03 of 3rd period - Shot by Tyler Bozak.
17:03 of 3rd period - Shot Misses the Net.
17:05 of 3rd period - Shot by Justin Schultz.
17:05 of 3rd period - Stopped by Antti Raanta without a rebound.
17:06 of 3rd period - Evgeni Malkin wins face-off versus Jacob de La Rose in Ducks zone.
17:06 of 3rd period - Evgeni Malkin is hit by Luke Schenn.
17:08 of 3rd period - Shot by Mikhail Sergachev.
17:08 of 3rd period - Shot Blocked by Jacob de La Rose.
17:34 of 3rd period - Shot by Jack Roslovic.
17:34 of 3rd period - Shot Blocked by Mikhail Sergachev.
17:38 of 3rd period - Shot by Brett Connolly.
17:38 of 3rd period - Shot Misses the Net.
17:40 of 3rd period - Shot by Tucker Poolman.
17:40 of 3rd period - Shot Hit the Post.
18:01 of 3rd period - Anders Lee is hit by Jordie Benn and loses puck.
19:16 of 3rd period - Shot by Artem Anisimov.
19:16 of 3rd period - Shot Misses the Net.
19:28 of 3rd period - Tyler Ennis is hit by Justin Schultz and loses puck.
19:55 of 3rd period - Shot by Brian Boyle.
19:55 of 3rd period - Stopped by Antti Raanta without a rebound.
19:56 of 3rd period - Kyle Turris wins face-off versus Evgeni Malkin in Ducks zone.
Goals for this period are 0 for Devils vs 1 for Ducks.
Shots for this period are 8 for Devils vs 19 for Ducks.